AoeStats
← 93老玩家回归

Black Forest

510130544Analyzed
4v4 RM · 2d ago on Sep 29, 2026· 38m 12s· 8 players
Game mode
Random Map
Map size
Large (8 player)
Population
200
Speed
Normal
Resources
Standard
Victory
Conquest
Starting age
Dark Age
Ending age
Imperial Age
RankedLock teamsTeams togetherTeam positionsShared explorationLock speedFull tech treeHidden civsTurbo modeCheats
Victory
Defeat
🇨🇳 Turks · China
1581
+6
🇨🇳 Lithuanians · China
1407
+12
🇨🇳 Dravidians · China
1403
+12
🇨🇳 Chinese · China
1383
+13
🇯🇵 Saxons · Japan
1353
-12
🇨🇳 Jurchens · China
1332
-11
🇭🇰 Mongols · Hong Kong SAR China
1306
-10
🇭🇰 Khmer · Hong Kong SAR China
1299
-10
stormgoing
6:53 Loom
11:50 Feudal Age
14:45 Castle Age
13:05 Double-Bit Axe
16:06 Wheelbarrow
16:07 Bow Saw
18:04 Fishing Lines
18:59 Horse Collar
20:25 Heavy Plow
24:30 Hand Cart
24:40 Hand Cart
24:21 Gold Mining
28:20 Imperial Age
27:55 Bloodlines
27:45 Husbandry
27:06 Light Cavalry
28:05 Stone Mining
29:33 Scale Barding Armor
30:06 Forging
29:45 Hussar
31:26 Chain Barding Armor
31:45 Iron Casting
32:02 Heavy Scorpion
33:59 Chemistry
33:21 Ballistics
34:44 Siege Engineers
WanGGG
6:47 Loom
10:41 Feudal Age
16:14 Castle Age
15:00 Double-Bit Axe
17:14 Bow Saw
23:51 Fishing Lines
24:46 Gillnets
29:12 Imperial Age
27:18 Wheelbarrow
26:29 Town Watch
26:36 Gold Mining
26:36 Stone Mining
27:22 Fletching
27:39 Stone Mining
27:58 Bodkin Arrow
28:26 Ballistics
28:54 Hand Cart
29:34 Gold Shaft Mining
29:03 Padded Archer Armor
29:55 Bracer
31:07 Chemistry
30:58 Leather Archer Armor
31:03 Elite Mangudai
32:23 Conscription
32:45 Scale Barding Armor
32:28 Horse Collar
33:56 Chain Barding Armor
33:45 Heavy Plow
35:24 Forging
34:36 Light Cavalry
35:28 Bloodlines
35:18 Husbandry
35:46 Parthian Tactics
35:27 Thumb Ring
36:31 Hussar
38:19 Iron Casting
ohawan12312
9:50 Feudal Age
9:47 Loom
10:02 Man-at-Arms
13:32 Fletching
20:45 Horse Collar
25:06 Castle Age
23:25 Fishing Lines
23:40 Double-Bit Axe
24:34 Gold Mining
26:14 Wheelbarrow
25:57 Bow Saw
27:31 Bodkin Arrow
27:53 Scale Mail Armor
29:49 Chain Mail Armor
30:04 Squires
33:13 Hand Cart
33:36 Hand Cart
Mustafa90
0:36 Loom
11:35 Feudal Age
15:37 Castle Age
14:20 Loom
15:58 Double-Bit Axe
20:09 Fishing Lines
24:30 Town Watch
25:47 Wheelbarrow
26:33 Horse Collar
27:30 Gold Mining
31:14 Imperial Age
29:51 Coinage
29:26 Scale Mail Armor
29:38 Heavy Plow
29:28 Gambesons
29:43 Squires
29:39 Pikeman
30:49 Chain Mail Armor
32:19 Hand Cart
32:17 Scale Barding Armor
32:22 Forging
32:25 Gillnets
32:18 Heavy Rocket Cart
33:21 Chain Barding Armor
34:28 Chemistry
33:39 Bow Saw
34:32 Iron Casting
33:24 Light Cavalry
34:15 Bloodlines
34:22 Siege Engineers
34:58 Hussar
35:39 Husbandry
36:53 Thunderclap Bombs
37:58 Blast Furnace
37:33 Plate Barding Armor
93老玩家回归
0:29 Loom
10:41 Feudal Age
20:40 Double-Bit Axe
27:50 Castle Age
27:30 Gold Mining
27:26 Horse Collar
29:16 Wheelbarrow
28:27 Town Watch
29:21 Bow Saw
29:37 Heavy Plow
35:05 Hand Cart
38:59 Hand Cart
赶脚的柠檬头
10:06 Feudal Age
10:34 Double-Bit Axe
10:30 Fishing Lines
19:36 Castle Age
18:05 Gold Mining
20:42 Bow Saw
20:27 Gillnets
23:39 Imperial Age
22:25 Padded Archer Armor
23:25 Gold Shaft Mining
23:51 Wheelbarrow
23:33 Leather Archer Armor
24:51 Stone Mining
25:35 Ring Archer Armor
27:44 Scale Barding Armor
27:50 Forging
28:09 Hand Cart
27:41 Loom
27:42 Town Watch
28:16 Horse Collar
29:23 Chain Barding Armor
29:19 Heavy Camel Rider
30:10 Bloodlines
31:24 Plate Barding Armor
32:00 Husbandry
33:53 Iron Casting
36:08 Artillery
37:40 Blast Furnace
唐火火
10:29 Feudal Age
11:43 Double-Bit Axe
16:34 Castle Age
14:21 Fishing Lines
18:11 Bow Saw
21:25 Loom
22:17 Wheelbarrow
22:59 Horse Collar
23:44 Gillnets
24:13 Hand Cart
24:42 Gold Mining
25:44 Stone Mining
27:36 Stone Shaft Mining
27:09 Heavy Plow
31:04 Imperial Age
28:23 Town Watch
29:48 Scale Barding Armor
29:53 Forging
30:58 Bloodlines
30:49 Husbandry
31:33 Chain Barding Armor
31:22 Cavalier
32:41 Conscription
32:29 Fletching
33:16 Plate Barding Armor
33:17 Iron Casting
34:13 Two-Man Saw
33:47 Crop Rotation
33:20 Town Patrol
32:44 Paladin
35:08 Elite Leitis
35:17 Onager
民办大A
11:50 Feudal Age
15:46 Castle Age
13:50 Double-Bit Axe
14:17 Fishing Lines
14:47 Horse Collar
17:03 Wheelbarrow
17:47 Gillnets
26:31 Hand Cart
26:05 Loom
29:03 Imperial Age
27:48 Fletching
28:21 Ballistics
29:03 Bodkin Arrow
29:10 Padded Archer Armor
29:23 Bow Saw
29:15 Heavy Plow
29:06 Gold Mining
29:09 Stone Mining
29:33 Elite Elephant Archer
30:18 Thumb Ring
30:16 Bracer
30:32 Leather Archer Armor
31:33 Squires
30:55 Man-at-Arms
31:21 Gambesons
32:59 Ring Archer Armor
33:50 Two-Man Saw
34:51 Caravan
37:08 Chemistry
Connection lost

Rejoining the realm…

Still unreachable

The connection could not be restored.

Session expired

The server has moved on; the page needs a fresh start.